Map: 2000 Atmospheres LE

Players

MaxPax

  • Race: Protoss Protoss

Strange - Winner!

  • Race: Protoss Protoss

Event: DreamHack SC2 Masters 2021 Fall

VOD

Have the link to the VOD?

Description

Time

  • Played on: July 31, 2021, 1:40 p.m.
  • Length: 7:06

All games in this series

Show
View Real Time Build Order
Export as new Build Order

MaxPax Protoss 

Build Orders: 1 Gate Expand 

Get SALT Encoding   

  12  0:00  Probe  
  13  0:12  Probe  
  14  0:19  Pylon  
  14  0:24  Probe  
  15  0:37  Probe (Chrono Boost)  
  15  0:39  Gateway  
  16  0:47  Assimilator  
  16  0:48  Probe (Chrono Boost)  
  17  0:53  Probe (Chrono Boost)  
  18  1:03  Probe  
  19  1:15  Probe  
  20  1:26  Nexus  
  20  1:33  Cybernetics Core  
  21  1:40  Probe  
  21  1:41  Assimilator  
  21  1:52  Probe  
  21  1:53  Pylon  
  22  2:04  Probe  
  22  2:08  Stalker (Chrono Boost)  
  23  2:10  Warp Gate  
  25  2:16  Probe  
  26  2:27  Shield Battery  
  26  2:29  Stalker (Chrono Boost)  
  26  2:31  Probe  
  29  2:38  Probe  
  30  2:49  Stalker (Chrono Boost)  
  30  2:51  Robotics Facility  
  32  3:11  Gateway, Stalker  
  34  3:14  Shield Battery  
  34  3:35  Immortal (Chrono Boost)  
  34  3:41  Shield Battery  
  38  3:42  Pylon  
  38  3:53  Shield Battery  
  38  3:57  Sentry  
  40  4:04  Immortal (Chrono Boost)  
  44  4:13  Shield Battery  
  41  4:20  Sentry  
  43  4:30  Pylon  
  43  4:37  Immortal (Chrono Boost)  
  39  4:45  Zealot  
  41  4:56  Pylon  
  41  5:10  Cybernetics Core  
  41  5:11  Pylon  
  41  5:15  Warp Prism (Chrono Boost)  
  39  5:27  Pylon  
  38  5:35  Zealot  
  40  5:50  Stargate  
  40  6:00  Pylon  
  39  6:14  Pylon  
  39  6:18  Probe  
  39  6:19  Observer (Chrono Boost)  
  41  6:32  Pylon, Probe  
  42  6:38  Phoenix  
  38  6:48  Shield Battery  
Show
View Real Time Build Order
Export as new Build Order

Strange Protoss - Winner!

Build Orders:  

Get SALT Encoding   

  12  0:00  Probe  
  13  0:12  Probe  
  14  0:17  Pylon  
  14  0:24  Probe (Chrono Boost)  
  16  0:37  Gateway, Probe (Chrono Boost)  
  16  0:41  Probe (Chrono Boost)  
  16  0:46  Assimilator  
  17  0:52  Probe  
  17  0:54  Assimilator  
  19  1:04  Probe (Chrono Boost)  
  19  1:08  Gateway  
  19  1:13  Probe (Chrono Boost)  
  19  1:18  Probe (Chrono Boost)  
  20  1:23  Cybernetics Core  
  21  1:30  Probe  
  22  1:35  Pylon  
  22  1:42  Probe  
  23  1:53  Gateway  
  18  2:01  Stalker x2  
  23  2:02  Warp Gate (Chrono Boost)  
  27  2:21  Pylon  
  27  2:34  Stalker x2  
  31  2:46  Gateway  
  31  2:51  Probe  
  31  2:52  Stalker  
  33  3:05  Pylon  
  33  3:21  Pylon  
  33  3:37  Stalker x3  
  39  3:41  Stalker  
  39  3:45  Pylon  
  39  4:00  Stalker x2  
  43  4:03  Stalker  
  45  4:17  Sentry  
  45  4:23  Stalker x2  
  41  4:46  Adept x3  
  47  4:53  Adept  
  49  5:09  Adept x2  
  49  5:10  Adept  
  53  5:26  Stargate  
  49  5:35  Adept x3  
  55  5:42  Adept  
  53  6:09  Pylon, Phoenix (Chrono Boost)  
  55  6:12  Zealot  
  55  6:17  Zealot  
  59  6:25  Phoenix (Chrono Boost)  
  59  6:31  Shield Battery  
  61  6:35  Adept  
  59  6:50  Stalker x2  

Tags
 
Add a new tag
Caveats
  • Supply blocks, unpowered buildings, or Contaminate may cause inaccurate times.
  • Supply counts are checked every 10 seconds.